 Dungeon Crawl Stone Soup version 0.20.1-1-g8b1a95d (webtiles) character file.

1914 Inchmeat the Impaler (level 9, 0/64 HPs)
             Began as a Merfolk Gladiator on Dec 27, 2017.
             Was an Initiate of Makhleb.
             Slain by a komodo dragon (25 damage)
             ... on level 8 of the Dungeon.
             The game lasted 00:15:30 (7698 turns).

Inchmeat the Impaler (Merfolk Gladiator)            Turns: 7698, Time: 00:15:30

Health: 0/64       AC:  6    Str: 12 (17) XL:     9   Next: 16%
Magic:  9/9        EV: 12    Int: 10      God:    Makhleb [......]
Gold:   183        SH:  0    Dex: 13 (15) Spells: 8/8 levels left

rFire    + . .     SeeInvis .   t - +2 halberd
rCold    . . .     Gourm    .   (shield currently unavailable)
rNeg     + . .     Faith    .   l - +0 ring mail
rPois    .         Spirit   .   c - +0 helmet
rElec    .         Reflect  .   (no cloak)
rCorr    .         Harm     .   (no gloves)
MR       .....                  (no boots)
Stlth    +.........             (no amulet)
Regen    0.2/turn               v - ring of positive energy
MPRegen  0.2/turn               (no ring)

@: no status effects
A: change form in water, swift swim, stealthy swim, clever 1, deterioration 1,
fire resistance 1, evolution 1
a: Renounce Religion


You were on level 8 of the Dungeon.
You worshipped Makhleb.
Makhleb was noncommittal.
You were near starving.

You visited 1 branch of the dungeon, and saw 8 of its levels.

You collected 183 gold pieces.

Inventory:

Hand Weapons
 a - a +0 trident
 t - a +2 halberd (weapon)
Missiles
 b - a throwing net (quivered)
Armour
 c - a +0 helmet (worn)
 l - a +0 ring mail (worn)
Jewellery
 n - an uncursed ring of ice
 v - a ring of positive energy (left hand)
Wands
 d - a wand of iceblast (1/15)
 k - a wand of digging (15/24)
Scrolls
 g - 3 scrolls of identify {@r1}
 i - 6 scrolls of remove curse {@r2}
 p - a scroll of fear
Potions
 j - a potion of mutation {!q}
 m - a potion of magic
Comestibles
 h - 2 royal jellies
 q - 3 fruits
 s - 2 meat rations


   Skills:
 * Level 3.6 Fighting
 * Level 15.4 Polearms
 - Level 2.2 Throwing
 - Level 4.2 Dodging


You had 8 spell levels left.
You didn't know any spells.

Dungeon Overview and Level Annotations

Branches:
Dungeon (9/15)               Lair (0/6) D:8
 Temple: D:4-7          Orc: D:9-12

Altars:
Dithmenos
Fedhas
Gozag
Makhleb
Nemelex Xobeh

Shops:
D:4 [(

Annotations:
D:3 Inchmeat's ghost, amateur HOMo
D:4 102938475621's ghost, amateur TrWz
D:5 kunrao's ghost, novice GrFi
D:9 Pikel


Innate Abilities, Weirdness & Mutations

You revert to your normal form in water.
You are very nimble and swift while swimming.
You are very stealthy in the water. (Stealth+)
Your mind is acute. (Int +2)
Your body sometimes deteriorates upon taking damage.
Your flesh is heat resistant. (rF+)
You evolve.


Message History

Tha komodo dragon be lightly wounded.
Tha komodo dragon bites ye but does nay damage.
Ye puncture tha komodo dragon!
Tha komodo dragon be moderately wounded.
Tha ice beast hits ye.
Tha ice beast freezes ye!
Tha komodo dragon closely misses ye.
Ye puncture tha komodo dragon!
Tha komodo dragon be heavily wounded.
Tha ice beast closely misses ye.
Tha komodo dragon bites ye!
Ye hit tha komodo dragon.
Tha komodo dragon be heavily wounded.
Okay, than.
Throwin' (i - inventory):
b - 2 throwin' nets (quiv'red)
Press: ? - help, Shift-Dir - straight line, f - ice beast
Aim: an ice beast Ye throw a throwin' net.
Tha throwin' net hits tha ice beast.
Tha ice beast be caught in tha net!
Tha ice beast struggles against tha net.
Tha komodo dragon bites ye!!
Ye die...

####.....# #.#.#
........# #.#.#
#.###.....# #.#$#
#......>..# #.#?#
#..###....###.#.#.####
#......#...5....... #
##.....#5#.#.##.###
#.#########.#Y#.#...
#......<....#@#.#####
####.########l#.# #.##
#.#.# ##..### #.#.#
###.....### #.#.#######
#.PP(.P...###.#........
#P.PPP......#...........
#PPPPPP.......##########


#PPP.lPPPP....# You could see a komodo dragon, an ice beast (caught) and a
quasit.

Vanquished Creatures
  3 hungry ghosts
  An ice beast (D:9)
  A black bear (D:9)
  2 slaves (D:9)
  3 ogres
  2 centaurs
  A bullfrog (D:6)
  2 howler monkeys
  3 crimson imps
  2 orc wizards (D:4)
  2 bullfrog skeletons
  A hound (D:6)
  2 orc priests
  3 iguanas
  3 worker ants
  A killer bee zombie (D:4)
  Robin (D:2)
  9 gnolls
  9 adders
  A howler monkey skeleton (D:4)
  2 oozes
  An adder skeleton (D:6)
  A worm (D:3)
  2 dart slugs
  2 leopard geckos
  15 orcs
  2 ball pythons
  5 bats
  2 giant cockroaches
  8 hobgoblins
  6 jackals
  6 kobolds
  A quokka (D:5)
  13 frilled lizards
  11 goblins
  A jackal skeleton (D:4)
  A quokka skeleton (D:5)
  7 rats
138 creatures vanquished.

Vanquished Creatures (others)
  A plant (D:8)
1 creature vanquished.

Grand Total: 139 creatures vanquished

Notes
Turn   | Place    | Note
-------+----------+-------------------------------------------
     0 | D:1      | Inchmeat the Merfolk Gladiator began the quest for the Orb.
     0 | D:1      | Reached XP level 1. HP: 16/16 MP: 1/1
   131 | D:1      | Reached XP level 2. HP: 22/23 MP: 2/2
   376 | D:1      | Reached skill level 5 in Polearms
   969 | D:2      | Reached XP level 3. HP: 23/28 MP: 3/3
  1000 | D:3      | Found a shadowy altar of Dithmenos.
  1067 | D:3      | Reached skill level 6 in Polearms
  1067 | D:3      | Reached XP level 4. HP: 28/34 MP: 4/4
  1127 | D:3      | Noticed Robin
  1333 | D:2      | Reached skill level 7 in Polearms
  1355 | D:2      | Gained mutation: Your flesh is heat resistant. (rF+) [potion of mutation]
  1355 | D:2      | Gained mutation: You evolve. [potion of mutation]
  1355 | D:2      | Gained mutation: Your mind is acute. (Int +2) [potion of mutation]
  1374 | D:2      | Reached XP level 5. HP: 17/39 MP: 5/5
  1874 | D:2      | Gained mutation: Your body sometimes deteriorates upon taking damage. [evolution]
  2013 | D:2      | Reached skill level 8 in Polearms
  2334 | D:2      | Killed Robin
  2450 | D:3      | Noticed Inchmeat's ghost (amateur HOMo)
  2451 | D:3      | Found an opulent altar of Gozag.
  3130 | D:4      | Found Vaag's Armour Emporium.
  3166 | D:4      | Reached XP level 6. HP: 15/46 MP: 6/6
  3169 | D:4      | Reached skill level 9 in Polearms
  3511 | D:4      | Noticed 102938475621's ghost (amateur TrWz)
  3517 | D:4      | Found a blossoming altar of Fedhas.
  3702 | D:3      | Reached skill level 10 in Polearms
  4240 | D:4      | Reached XP level 7. HP: 21/51 MP: 7/7
  4747 | D:4      | Found Iheow's Antique Weapon Boutique.
  4777 | D:5      | Entered Level 5 of the Dungeon
  4920 | D:5      | Found a sparkling altar of Nemelex Xobeh.
  5032 | D:5      | Reached skill level 11 in Polearms
  5297 | D:5      | Reached skill level 12 in Polearms
  5711 | D:5      | Reached XP level 8. HP: 57/57 MP: 8/8
  6197 | D:5      | Noticed kunrao's ghost (novice GrFi)
  6373 | D:6      | Reached skill level 13 in Polearms
  6576 | D:6      | Found a burning altar of Makhleb.
  6600 | D:6      | Became a worshipper of Makhleb the Destroyer
  6718 | D:6      | You fall through a shaft for 3 floors!
  6755 | D:9      | Noticed Pikel
  6889 | D:9      | Reached skill level 14 in Polearms
  7464 | D:9      | Reached skill level 15 in Polearms
  7464 | D:9      | Reached XP level 9. HP: 60/62 MP: 9/9
  7667 | D:8      | Found a staircase to the Lair.
  7668 | D:8      | Noticed a komodo dragon
  7698 | D:8      | Slain by a komodo dragon

Skill      XL: |  1  2  3  4  5  6  7  8  9 |
---------------+----------------------------+-----
Polearms       | 5 6 7 8 10 12 15 | 15.4
Fighting       | 3 |  3.6
Throwing       | |  2.2
Dodging        | |  4.2

Action                   |  1- 3 |  4- 6 |  7- 9 || total
-------------------------+-------+-------+-------++-------
Melee: Trident           |    80 |    28 |       ||   108
       Halberd           |       |   204 |   233 ||   437
       Unarmed           |       |    11 |       ||    11
Throw: Throwing net      |       |     2 |     4 ||     6
  Use: Potion            |       |    10 |     4 ||    14
       Scroll            |       |     6 |     4 ||    10
 Stab: Held in net/web   |       |     1 |     2 ||     3
  Eat: Chunk             |       |     6 |     4 ||    10
       Bread ration      |       |     1 |     2 ||     3
       Fruit             |       |       |     3 ||     3
       Meat ration       |       |       |     1 ||     1
Armor: Leather armour    |     6 |       |       ||     6
       Ring mail         |     7 |   104 |    51 ||   162
       Skin              |       |     5 |       ||     5
Dodge: Dodged            |    40 |   191 |   128 ||   359
